 Dungeon Crawl Stone Soup version 0.32-a0-43-g058985b245 (webtiles) character file.

Game seed: 17381488182446317302

121 Atlas the Magician (level 4, -9/24 HPs)
             Began as a Deep Elf Fire Elementalist on Feb 5, 2024.
             Mangled by a gnoll
             ... wielding a +0 flail
              (11 damage)
             ... on level 3 of the Dungeon.
             The game lasted 00:02:30 (3253 turns).

Atlas the Magician (Deep Elf Fire Elementalist)     Turns: 3253, Time: 00:02:31

Health: -9/24      AC:  4    Str:  5    XL:     4   Next: 77%
Magic:  1/12       EV: 11    Int: 28    God:
Gold:   88         SH:  0    Dex: 15    Spells: 9/12 levels left

rFire   + . .        (no weapon)
rCold   . . .        (no shield)
rNeg    . . .        f - +0 leather armour
rPois   .            (no helmet)
rElec   .            (no cloak)
rCorr   .            h - +0 pair of gloves
SInv    .            (no boots)
Will    .....        (no amulet)
Stlth   ++           d - ring of protection from fire
HPRegen 0.24/turn    a - +6 ring of intelligence
MPRegen 0.13/turn

%: no passive effects
@: mighty
A: no striking features
a: no special abilities


You were on level 3 of the Dungeon.
You visited 1 branch of the dungeon, and saw 3 of its levels.

You collected 88 gold pieces.

Inventory:

Armour
 f - a +0 leather armour (worn)
 h - a +0 pair of gloves (worn)
Jewellery
 a - a +6 ring of intelligence (right hand)
 d - a ring of protection from fire (left hand)
 g - a +6 ring of dexterity
Scrolls
 e - 3 scrolls of identify {unknown}
 i - 3 scrolls of revelation {unknown}
 j - a scroll of amnesia {unknown}
Potions
 b - a potion of magic


   Skills:
 + Level 0.4 Armour
 + Level 2.5 Dodging
 + Level 3.2 Stealth
 + Level 4.6 Spellcasting
 + Level 2.2 Conjurations
 + Level 4.3 Fire Magic


You had 9 spell levels left.
You knew the following spells:

 Your Spells              Type           Power      Damage    Failure   Level
a - Scorch                Fire           60%        2d7       3%          2
b - Foxfire               Conj/Fire      96%        2x1d8     3%          1

Your spell library contained the following spells:

 Spells                   Type           Power      Damage    Failure   Level
 Shock                    Conj/Air       48%        1d6       8%          1
 Sting                    Conj/Alch      48%        1d6       8%          1
 Inner Flame              Hex/Fire       18%        N/A       14%         3
 Volatile Blastmotes      Fire/Tloc      36%        2d13      14%         3
 Mercury Vapours          Alch/Air       12%        N/A       17%         2
 Flame Wave               Conj/Fire      24%        2d8       30%         4
 Swiftness                Air            6%         N/A       34%         3
 Airstrike                Air            3%         2d(1-17)  75%         4
 Olgreb's Toxic Radiance  Alch           6%         N/A       75%         4
 Passage of Golubria      Tloc           6%         N/A       75%         4
 Silence                  Hex/Air        3%         N/A       97%         5
 Lehudib's Crystal Spear  Conj/Erth      6%         10d3      100%        8


Dungeon Overview and Level Annotations

Branches:
Dungeon (3/15)

Altars:
Ashenzari

Shops:
D:1 *


Message History

A gnoll comes into view. It is wielding a +0 club.
Unknown command.
Casting: Scorch (safe; 3% risk of failure)
Confirm with . or Enter, or press ? or * to list all spells.
Flames lash the gnoll.
The gnoll is moderately wounded.
The gnoll's fire resistance burns away.
A gnoll comes into view. It is wielding a +0 club.
Casting: Scorch (safe; 3% risk of failure)
Confirm with . or Enter, or press ? or * to list all spells.
Flames lash the gnoll.
The gnoll is heavily wounded.
The gnoll's fire resistance burns away.
Casting: Scorch (safe; 3% risk of failure)
Confirm with . or Enter, or press ? or * to list all spells.
Flames lash the gnoll.
The gnoll is burned terribly!
You kill the gnoll!
A gnoll comes into view. It is wielding a +0 flail.
The gnoll hits you with a +0 club.
Unknown command.
You struggle against the net.
The gnoll is no longer more vulnerable to fire.
The gnoll hits you with a +0 club.
You tear a large gash into the net.
The gnoll hits you with a +0 flail. The gnoll hits you with a +0 club.
* * * LOW HITPOINT WARNING * * *
You shred the net and break free! The gnoll barely misses you.
The gnoll hits you with a +0 club.
* * * LOW HITPOINT WARNING * * *
The gnoll attacks as it pursues you! The gnoll barely misses you.
Casting: Scorch (safe; 3% risk of failure)
Confirm with . or Enter, or press ? or * to list all spells.
Flames lash the gnoll.
The gnoll is almost dead.
The gnoll's fire resistance burns away.
Unknown command.
It was a potion of might.
You feel very mighty all of a sudden. The gnoll hits you with a +0 flail!
You die...

####### #.....#
#'###.# #..P#@#
####.#g#
##.P.P8g).#
#######._.#####)#
####.'.8P..P## .#
.....#.#.#### #
..##.#.#...#
#....#.###'#
#..###P...P#


You could see 2 gnolls.

Vanquished Creatures
  6 gnolls
  An adder (D:2)
  A dart slug (D:1)
  4 bats
  6 endoplasms
  3 giant cockroaches
  5 goblins
  3 hobgoblins
  6 jackals
  3 kobolds
  2 quokkas
  4 ball pythons
  A frilled lizard (D:3)
  4 rats
49 creatures vanquished.

Vanquished Creatures (others)
  239 foxfires
239 creatures vanquished.

Grand Total: 288 creatures vanquished

Notes
Turn   | Place    | Note
-------+----------+-------------------------------------------
     0 | D:1      | Atlas the Deep Elf Fire Elementalist began the quest for
                  | the Orb.
     0 | D:1      | Reached XP level 1. HP: 10/10 MP: 6/6
   346 | D:1      | Found Jecoetz's Assorted Antiques.
   398 | D:1      | Reached XP level 2. HP: 15/15 MP: 2/8
  1194 | D:1      | Learned a level 2 spell: Scorch
  1634 | D:2      | Reached XP level 3. HP: 19/19 MP: 3/10
  2046 | D:2      | Reached XP level 4. HP: 24/24 MP: 9/12
  2510 | D:2      | Found a broken altar of Ashenzari.
  3212 | D:3      | Found a faded altar of an unknown god.
  3253 | D:3      | Mangled by a gnoll

Illustrated notes

Levels and vault maps discovered:
D:1:      lightli_molten_gateway, layout_basic, serial_shops,
          nicolae_shop_window_shopping
D:2:      layout_basic, basic_altar, kennysheep_nondescript
D:3:      minmay_octagon_keep, layout_rooms, gammafunk_ghost_nasty_kobolds,
          shapermc_ecumenical_altar_ellora, chequers_serial_rivers_micro_a

Skill      XL: |  1  2  3  4 |
---------------+-------------+-----
Stealth        | 3 |  3.2
Spellcasting   | 4 |  4.6
Fire Magic     | 4 |  4.3
Conjurations   | 2 |  2.2
Armour         | |  0.4
Dodging        | |  2.5

Action                     |  1- 3 |  4- 6 || total
---------------------------+-------+-------++-------
  Melee: Unarmed           |     8 |       ||     8
         Punch             |     1 |       ||     1
   Cast: Foxfire           |    82 |    51 ||   133
         Scorch            |     2 |    13 ||    15
    Use: Potion            |       |     1 ||     1
 Armour: Robe              |     8 |       ||     8
         Leather armour    |    16 |     6 ||    22
  Dodge: Dodged            |    21 |     5 ||    26

Table legend: (Time is in decaauts)
 A = Elapsed time spent in this place.
 B = Non-inter-level travel time spent in this place.
 C = Inter-level travel time spent in this place.
 D = Time resting spent in this place.
 E = Time spent auto-exploring this place.
 F = Levels seen in this place.
 G = Mean time per level.
                   A        B        C        D        E       F      G
               +--------+--------+--------+--------+--------+-----+--------+
         Total |   3253 |   3076 |    177 |     95 |   2634 |   3 | 1084.3 |
       Dungeon |   3253 |   3076 |    177 |     95 |   2634 |   3 | 1084.3 |
               +--------+--------+--------+--------+--------+-----+--------+

Top non-repeatable levels by time:
     D:1: 1833 daAuts
     D:2: 1077 daAuts
     D:3: 342 daAuts
